 Dungeon Crawl Stone Soup version 0.23.2-40-g277498a001 (webtiles) character file.

Game seed: 12360474778545382098

2751 MalarOregon the Carver (level 9, -2/79 HPs)
             Began as a Black Draconian Abyssal Knight on Sept 20, 2019.
             Was an Elder of Lugonu.
             Slain by a two-headed ogre
             ... wielding a +0 giant club
              (7 damage)
             ... on level 8 of the Dungeon.
             The game lasted 00:14:28 (6219 turns).

MalarOregon the Carver (DrAK)                       Turns: 6219, Time: 00:14:28

Health: -2/79      AC:  9    Str: 16    XL:     9   Next: 41%
Magic:  0/23       EV: 15    Int: 12    God:    Lugonu [****..]
Gold:   138        SH:  0    Dex: 13    Spells: 8/8 levels left

rFire    . . .     SeeInvis .   o - +1 scimitar
rCold    . . .     Gourm    .   (no shield)
rNeg     . . .     Faith    .   (armour unavailable)
rPois    .         Spirit   +   (helmet restricted)
rElec    +         Reflect  .   b - +1 cloak
rCorr    +         Harm     .   (no gloves)
MR       .....                  (no boots)
Stlth    +.........             q - amulet of guardian spirit
HPRegen  0.23/turn              r - ring of resist corrosion
MPRegen  0.18/turn              l - ring of magical power

@: no status effects
A: breathe lightning, unfitting armour, electricity resistance, cold-blooded, AC
+7
a: Breathe Lightning, Depart the Abyss, Bend Space, Banish, Corrupt, Renounce
Religion


You were on level 8 of the Dungeon.
You worshipped Lugonu.
Lugonu was greatly pleased with you.
You were not hungry.

You visited 1 branch of the dungeon, and saw 8 of its levels.
You visited the Abyss 1 time.
You also visited: Sewer.

You collected 475 gold pieces.
You spent 337 gold pieces at shops.

Inventory:

Hand Weapons
 o - a +1 scimitar (weapon)
   (You found it on level 3 of the Dungeon)
Armour
 b - a +1 cloak (worn)
   (You found it on level 4 of the Dungeon)
Jewellery
 g - an uncursed amulet of regeneration {unknown}
   (You found it on level 8 of the Dungeon)
 l - a ring of magical power (right hand)
   (You found it on level 2 of the Dungeon)
 q - an amulet of guardian spirit (around neck)
   (You found it on level 3 of the Dungeon)
 r - a ring of resist corrosion (left hand)
   (You found it on level 4 of the Dungeon)
 s - an uncursed amulet of magic regeneration {unknown}
   (You found it on level 4 of the Dungeon)
 A - an uncursed ring of flight
   (You found it on level 6 of the Dungeon)
Wands
 n - a wand of clouds (3)
   (You found it on level 4 of the Dungeon)
 t - a wand of flame (21)
   (You found it on level 2 of the Dungeon)
 x - a wand of acid (11)
   (You found it on level 6 of the Dungeon)
Scrolls
 a - 3 scrolls of teleportation {@r4}
 i - 3 scrolls of fog
 u - 2 scrolls of fear
 w - 5 scrolls of identify {@r1}
 y - 3 scrolls of enchant weapon
 B - a scroll of summoning {unknown}
 C - 2 scrolls of remove curse {@r2}
Potions
 c - a potion of haste {unknown}
 f - a potion of berserk rage {Berzerk rage, unknown}
 h - 5 potions of lignification {!q}
 j - 2 potions of brilliance
 k - a potion of magic
 m - 2 potions of flight
 p - 3 potions of curing {@q1}
 v - a potion of ambrosia
 z - a potion of invisibility
 D - a potion of heal wounds {@q2}
Comestibles
 d - 3 chunks of flesh
 e - 10 rations {!d}


   Skills:
 + Level 7.1 Fighting
 * Level 8.4 Long Blades
 + Level 5.6 Dodging
 + Level 6.6 Invocations


You had 8 spell levels left.
You didn't know any spells.
Your spell library was empty.

Dungeon Overview and Level Annotations

Branches:
Dungeon (8/15)             Temple (0/1) D:5
   Lair: D:8-11

Altars:
Fedhas
Hepliaklqana
Xom

Shops:
D:4 %}*


Innate Abilities, Weirdness & Mutations

You can breathe wild blasts of lightning.
Your glossy black scales are hard. (AC +7)
You cannot fit into any form of body armour.
You are resistant to electric shocks. (rElec)
You are cold-blooded and may be slowed by cold attacks.


Message History

The phantom hits you but does no damage.
A phantom is nearby!
You hit the phantom. You tail-slap the phantom.
The phantom hits you but does no damage.
You slash the phantom!
Your tail-slap misses the phantom.
The phantom hits you but does no damage.
You slash the phantom!
You destroy the phantom!
Lugonu accepts your kill.
No target in view!
No target in view!
A two-headed ogre comes into view.
It is wielding a +0 giant club and a +0 giant spiked club.
The two-headed ogre moves out of view.
No target in view!
The two-headed ogre is too close now for your liking.
The two-headed ogre shouts in stereo!
A two-headed ogre is nearby!
The two-headed ogre closely misses you.
You riposte.
You barely miss the two-headed ogre.
Your tail-slap misses the two-headed ogre.
The two-headed ogre hits you with a +0 giant spiked club!
A two-headed ogre is nearby!
You slash the two-headed ogre! The two-headed ogre closely misses you.
The two-headed ogre hits you with a +0 giant spiked club!!
You slash the two-headed ogre! The two-headed ogre barely misses you.
The two-headed ogre hits you with a +0 giant spiked club!!
You barely miss the two-headed ogre. You barely miss the two-headed ogre.
The two-headed ogre closely misses you. x2
You hit the two-headed ogre but do no damage.
The two-headed ogre closely misses you.
You riposte.
You hit the two-headed ogre.
The two-headed ogre hits you with a +0 giant spiked club!
* * * LOW HITPOINT WARNING * * *
Unknown command.
Aim: a two-headed ogre, wielding a +0 giant club and a +0 giant spiked club (heavily wounded)
The bolt of acid misses the two-headed ogre.
The two-headed ogre hits you with a +0 giant club!!
* * * LOW HITPOINT WARNING * * *
The two-headed ogre hits you with a +0 giant spiked club!
* * * LOW HITPOINT WARNING * * *
Okay, then.
Okay, then.
Aim: a two-headed ogre, wielding a +0 giant club and a +0 giant spiked club (heavily wounded)
You create a blast of flame!
The two-headed ogre is engulfed in blazing flames.
You hit the two-headed ogre.
The two-headed ogre is engulfed in blazing flames.
The two-headed ogre closely misses you.
The two-headed ogre hits you with a +0 giant spiked club!
You die...

#.......######.#...# ##.##
.........####".....########...###
.........'......>................
.........####....##########...###
#.......## ##.#§# ##.## ##.....##
###§# #.# ##...## #§# #.# ##'##
#O# #.# #.# #@# #.# #.# #.# #.#
##.## #.# #.# ##...##########.#
#.# #...............#
##...##.##.###### ##.###.##.#
####.###.##.# .........##.#


You could see a two-headed ogre.

Vanquished Creatures
  A two-headed ogre (D:7)
  Prince Ribbit (D:7)
  Menkaure (D:6)
  An ice beast (D:6)
  2 sky beasts
  2 phantoms
  2 ogres
  2 big kobolds
  A crocodile (Sewer)
  2 bullfrogs
  3 howler monkeys
  A bullfrog zombie (D:6)
  2 crimson imps
  A quasit (D:6)
  3 jellies
  5 orc priests
  2 orc wizards
  4 worker ants
  A hound skeleton (D:4)
  7 adders
  3 oozes
  An adder zombie (D:6)
  2 worms
  A dart slug (D:4)
  3 leopard geckos
  8 orcs
  4 giant cockroaches
  7 goblins
  6 hobgoblins
  2 jackals (D:1)
  4 quokkas
  2 ball pythons
  11 bats
  4 frilled lizards
  A giant cockroach zombie (D:6)
  16 kobolds
  A quokka skeleton (D:4)
  7 rats
127 creatures vanquished.

Notes
Turn   | Place    | Note
-------+----------+-------------------------------------------
     0 | Abyss:1  | MalarOregon the Draconian Abyssal Knight began the quest
                  | for the Orb.
     0 | Abyss:1  | Reached XP level 1. HP: 19/19 MP: 2/2
     6 | D:1      | Escaped the Abyss
   269 | D:1      | Reached XP level 2. HP: 26/26 MP: 3/3
   366 | D:1      | Found a shimmering altar of Xom.
   458 | D:1      | Reached ** piety under Lugonu
   808 | D:2      | Reached XP level 3. HP: 16/31 MP: 4/4
  1234 | D:2      | Found a hazy altar of Hepliaklqana.
  1344 | D:2      | Reached skill level 3 in Long Blades
  1578 | D:3      | Reached XP level 4. HP: 40/40 MP: 6/6
  1658 | D:3      | Found a blossoming altar of Fedhas.
  1873 | D:3      | Noticed an ogre
  1877 | D:3      | Killed an ogre
  1877 | D:3      | Reached XP level 5. HP: 46/46 MP: 7/7
  2353 | D:4      | Reached skill level 4 in Long Blades
  2595 | D:4      | Found Tugeqo's Food Shop.
  2611 | D:4      | Found Erem's General Store.
  2623 | D:4      | Reached XP level 6. HP: 51/53 MP: 8/8
  2627 | D:4      | Bought 2 scrolls of fear for 98 gold pieces
  2627 | D:4      | Bought a scroll of identify for 28 gold pieces
  2627 | D:4      | Bought a scroll of remove curse for 42 gold pieces
  2715 | D:4      | Found Jyng's Gadget Shop.
  2749 | D:4      | Reached *** piety under Lugonu
  2788 | D:4      | Bought a scroll of fog for 28 gold pieces
  3052 | D:5      | Entered Level 5 of the Dungeon
  3123 | D:5      | Got a wavering brass ring
  3125 | D:5      | Identified the ring "Vaesef" {*Tele *Corrode rPois rC+ rN+}
                  | (You found it on level 5 of the Dungeon)
  3542 | D:5      | Found a staircase to the Ecumenical Temple.
  3644 | D:5      | Reached skill level 5 in Long Blades
  3644 | D:5      | Your scales start taking on a glossy black colour.
  3644 | D:5      | Reached XP level 7. HP: 57/60 MP: 10/10
  3644 | D:5      | Gained mutation: You are resistant to electric shocks.
                  | (rElec) [Black Draconian growth]
  3662 | D:4      | Bought a potion of curing for 42 gold pieces
  3765 | D:5      | Found a hazy altar of Hepliaklqana.
  3893 | D:6      | Noticed Menkaure
  3910 | D:6      | Killed Menkaure
  3910 | D:6      | Reached skill level 5 in Fighting
  4197 | D:6      | Reached skill level 6 in Long Blades
  4199 | D:6      | Found a glowing drain.
  4225 | Sewer    | Entered a sewer
  4235 | Sewer    | Reached **** piety under Lugonu
  4411 | Sewer    | Reached skill level 5 in Invocations
  4411 | Sewer    | Reached XP level 8. HP: 47/69 MP: 11/11
  4896 | D:4      | Bought a wand of flame (16) for 99 gold pieces
  4925 | D:7      | Noticed a two-headed ogre
  5499 | D:7      | Reached skill level 7 in Long Blades
  5500 | D:7      | Killed a two-headed ogre
  5500 | D:7      | Reached skill level 5 in Dodging
  5500 | D:7      | Reached XP level 9. HP: 72/78 MP: 13/13
  5618 | D:7      | Reached skill level 8 in Long Blades
  5866 | D:7      | Noticed Prince Ribbit
  5882 | D:7      | Killed Prince Ribbit
  6203 | D:8      | Noticed a two-headed ogre
  6219 | D:8      | Slain by a two-headed ogre

Skill      XL: |  1  2  3  4  5  6  7  8  9 |
---------------+----------------------------+-----
Long Blades    | 3 4 5 6 7 8 |  8.4
Fighting       | 4 5 6 7 |  7.1
Dodging        | 3 4 5 |  5.6
Invocations    | 3 4 5 6 |  6.6

Action                   |  1- 3 |  4- 6 |  7- 9 || total
-------------------------+-------+-------+-------++-------
Melee: Falchion          |    88 |    19 |       ||   107
       Tailslap          |     9 |    22 |    26 ||    57
       Scimitar          |       |   135 |   212 ||   347
 Abil: Breathe Lightning |       |       |     1 ||     1
Evoke: Wand              |       |     5 |    14 ||    19
  Use: Scroll            |     4 |     4 |     8 ||    16
       Potion            |       |       |     2 ||     2
 Stab: Confused          |       |     1 |     1 ||     2
  Eat: Chunk             |     2 |     7 |     5 ||    14
       Ration            |       |       |     1 ||     1
Armor: Skin              |    16 |    34 |    61 ||   111
Dodge: Dodged            |    65 |   118 |   157 ||   340
       Rpst.: Falchion   |    19 |     5 |       ||    24
       Scimitar          |       |    35 |    36 ||    71
